 Dungeon Sprint DCSS version 0.24.0-125-gc4c63601f3 (webtiles) character file.

Game seed: 15354499058041537649, levelgen mode: deterministic

4 Groucho the Skirmisher (level 1, -1/22 HPs)
             Began as a Naga Fighter on Mar 5, 2020.
             Was a Follower of Cheibriados.
             Slain by a worker ant (6 damage)
             ... in the Dungeon (Sprint VII: "The Pits").
             The game lasted 00:01:14 (765 turns).

Groucho the Skirmisher (Naga Fighter)                Turns: 765, Time: 00:01:14

Health: -1/22      AC:  4    Str: 21    XL:     1   Next: 70%
Magic:  1/1        EV:  5    Int: 11    God:    Cheibriados [*.....]
Gold:   0          SH:  9    Dex: 13    Spells: 0/0 levels left

rFire    . . .     SeeInvis +   a - +0 war axe
rCold    . . .     Gourm    .   c - +0 shield
rNeg     . . .     Faith    .   b - +0 scale mail
rPois    +         Spirit   .   (no helmet)
rElec    .         Reflect  .   (no cloak)
rCorr    .         Harm     .   (no gloves)
MR       .....     NoTele   +   (no barding)
Stlth    ..........             (no amulet)
HPRegen  0.07/turn              (no ring)
MPRegen  0.07/turn              (no ring)

@: very slow
A: large, see invisible, deformed body, poison resistance, slowness 2, slow
metabolism 1, spit poison 1, AC +0
a: Spit Poison, Bend Time, Renounce Religion


You were in the Dungeon.
You worshipped Cheibriados.
Cheibriados was aware of your devotion.
You were not hungry.

You visited 1 branch

Inventory:

Hand Weapons
 a - a +0 war axe (weapon)
Missiles
 p - 10 stones (quivered)
Armour
 b - a +0 scale mail (worn)
 c - a +0 shield (worn)
Scrolls
 k - a scroll of blinking
 m - 3 scrolls of remove curse
 n - 5 scrolls of amnesia
 o - a scroll of summoning
Potions
 d - a potion of might
 h - a potion of haste
 i - 4 potions of magic
 j - 3 potions of berserk rage
 l - 2 potions of invisibility
Comestibles
 f - 9 rations


   Skills:
 + Level 3.6 Fighting
 + Level 2.3 Axes
 + Level 2.6 Armour
 + Level 2.6 Shields
 + Level 1.0 Invocations


You couldn't memorise any spells.
You didn't know any spells.
Your spell library was empty.

Dungeon Overview and Level Annotations

Branches:
Dungeon (1/1)

Altars:
Ashenzari
Cheibriados
Dithmenos
Elyvilon
Fedhas
Gozag
Hepliaklqana
Kikubaaqudgha
Makhleb
Nemelex Xobeh
Okawaru
Qazlal
Ru
Sif Muna
Trog
Uskayaw
Vehumet
Wu Jian
Xom
Yredelemnul
Zin
The Shining One
Beogh
Jiyva
Lugonu


Innate Abilities, Weirdness & Mutations

You cannot wear boots.
Your serpentine skin is tough. (AC +0)
You have supernaturally acute eyesight. (SInv)
Armour fits poorly on your strangely shaped body.
Your system is resistant to poisons. (rPois)
You cover ground very slowly.
You have a slow metabolism.
You can spit poison.


Message History

You slash the worker ant!
The worker ant is heavily wounded.
The worker ant bites you.
You hit the worker ant.
The worker ant is heavily wounded.
You block the worker ant's attack.
The worker ant bites you but does no damage.
You closely miss the worker ant.
The worker ant is heavily wounded.
The worker ant bites you. The worker ant barely misses you.
You closely miss the worker ant.
The worker ant is heavily wounded.
The worker ant bites you.
* * * LOW HITPOINT WARNING * * *
The worker ant waves its antennae.
The worker ant bites you but does no damage.
You hit the worker ant.
The worker ant is severely wounded.
The worker ant bites you.
You die...

#_______...###########
##########'##.........
#.?|.')))'.##......#..
##########.##.........
#...........'.........
+#####'#####......#..
#.....# #.........
#.....# ####'#####
###@### #.......#
#...a.# #.......#
#.....# #.......#
####+## #...<...#
#.......# #.......#
#.......# #########


You could see a worker ant.

Vanquished Creatures
  A leopard gecko (D)
  A quokka (D)
  A giant cockroach zombie (D)
  A leopard gecko zombie (D)
4 creatures vanquished.

Vanquished Creatures (others)
  A black draconian (D)
1 creature vanquished.

Grand Total: 5 creatures vanquished

Notes
Turn   | Place    | Note
-------+----------+-------------------------------------------
     0 | D        | Groucho the Naga Fighter began the quest for the Orb.
     0 | D        | Reached XP level 1. HP: 21/21 MP: 1/1
    47 | D        | Found a bloodstained altar of Trog.
    47 | D        | Found a shimmering blue altar of Sif Muna.
    47 | D        | Found a viscous altar of Jiyva.
    47 | D        | Found a hazy altar of Hepliaklqana.
    47 | D        | Found an opulent altar of Gozag.
    48 | D        | Found a glowing golden altar of the Shining One.
    48 | D        | Found a glowing silver altar of Zin.
    48 | D        | Found a basalt altar of Yredelemnul.
    48 | D        | Found a shimmering altar of Xom.
    48 | D        | Found an ornate altar of the Wu Jian Council.
    48 | D        | Found a sacrificial altar of Ru.
    48 | D        | Found a stormy altar of Qazlal.
    48 | D        | Found an iron altar of Okawaru.
    48 | D        | Found a sparkling altar of Nemelex Xobeh.
    48 | D        | Found a burning altar of Makhleb.
    48 | D        | Found a blossoming altar of Fedhas.
    48 | D        | Found a white marble altar of Elyvilon.
    48 | D        | Found a shadowy altar of Dithmenos.
    48 | D        | Found a snail-covered altar of Cheibriados.
    50 | D        | Found a radiant altar of Vehumet.
    50 | D        | Found a corrupted altar of Lugonu.
    50 | D        | Found a roughly hewn altar of Beogh.
    51 | D        | Found a hide-covered altar of Uskayaw.
    51 | D        | Found an ancient bone altar of Kikubaaqudgha.
    51 | D        | Found a shattered altar of Ashenzari.
    59 | D        | Became a worshipper of Cheibriados the Contemplative
    70 | D        | Killed a black draconian
    78 | D        | Reached * piety under Cheibriados
   377 | D        | Reached skill level 1 in Invocations
   759 | D        | Noticed a worker ant
   765 | D        | Slain by a worker ant

Levels and vault maps discovered:
D:        pitsprint [storerooms_1, entrance_room_1, metal_vault_5, armoury_2,
          mini_pit_1, grid_room_1, main_hall_1, silver_pit, the_coven_1,
          the_vestibule_1, steel_vault_4, golden_pit, hallway_of_sentries,
          crystal_vault_1, iron_vault_4, final_vault]

Skill      XL: |  1 |
---------------+----+-----
Invocations    | 1 |  1.0
Fighting       | |  3.6
Axes           | |  2.3
Armour         | |  2.6
Shields        | |  2.6

Action                   || total
-------------------------++-------
Melee: War axe           ||    31
  Use: Potion            ||     2
Armor: Scale mail        ||    14
Dodge: Dodged            ||     9
Block: Shield            ||    15
